 Dungeon Crawl Stone Soup version 0.27-a0-1595-g0b823d0a13 (webtiles) character file.

Game seed: 12993784782845175973

984 zazu2006 the Magician (level 8, -1/66 HPs)
             Began as a Naga Hedge Wizard on July 20, 2021.
             Was an Initiate of Vehumet.
             Slain by Grinder (4 damage)
             ... while paralysed by Grinder
             ... on level 5 of the Dungeon.
             The game lasted 00:14:28 (7487 turns).

zazu2006 the Magician (Naga Hedge Wizard)           Turns: 7487, Time: 00:14:28

Health: -1/66      AC:  6    Str: 13    XL:     8   Next: 18%
Magic:  12/16      EV:  1    Int: 17    God:    Vehumet [......]
Gold:   207        SH:  0    Dex: 10    Spells: 9/18 levels left

rFire    . . .     SeeInvis +   a - +0 dagger
rCold    . . .     Faith    .   (no shield)
rNeg     . . .     Spirit   .   o - +1 leather armour {rPois}
rPois    +         Reflect  +   c - +0 hat
rElec    .         Harm     .   l - +0 cloak
rCorr    .         Rampage  .   (no gloves)
Will     +....                  (no barding)
Stlth    ++........             m - amulet of reflection
HPRegen  0.21/turn              (no ring)
MPRegen  0.15/turn              (no ring)

@: paralysed, on berserk cooldown, hasted and slowed, very slow
A: AC +2, large, see invisible, deformed body, poison resistance, slowness 2,
spit poison 1, naga tail 1
a: Spit Poison, Renounce Religion


You were on level 5 of the Dungeon.
You worshipped Vehumet.
Vehumet was noncommittal.
You visited 2 branches of the dungeon, and saw 6 of its levels.

You collected 207 gold pieces.

Inventory:

Hand Weapons
 a - a +0 dagger (weapon)
 n - the +4 war axe of Eternal Harmony {drain, Drain rPois Int+8}
   (You found it on level 5 of the Dungeon)

   A truly terrible weapon, it drains the life of any living foe it strikes.
   Int:       It affects your intelligence (+8).
   rPois:     It protects you from poison.
   Drain:     It drains your maximum health when unequipped.
Armour
 c - a +0 hat (worn)
 l - a +0 cloak (worn)
 o - a +1 leather armour of poison resistance (worn)
Jewellery
 m - an amulet of reflection (around neck)
Scrolls
 b - a scroll of amnesia {unknown}
 e - 3 scrolls of identify {unknown}
 f - 2 scrolls of fear {unknown}
 g - 2 scrolls of fog {unknown}
 i - 3 scrolls of teleportation {unknown}
 j - a scroll of enchant armour {unknown}
 k - a scroll of blinking {unknown}
 p - a scroll of immolation {unknown}
 q - a scroll of noise {unknown}
Potions
 h - a potion of haste


   Skills:
 + Level 1.6 Fighting
 + Level 2.1 Armour
 + Level 2.6 Dodging
 + Level 5.3 Stealth
 + Level 1.1 Shields
 + Level 5.8 Spellcasting
 + Level 4.0 Conjurations
 + Level 1.0 Summonings
 + Level 1.0 Translocations
 + Level 1.2 Air Magic
 + Level 1.9 Poison Magic


You had 9 spell levels left.
You knew the following spells:

 Your Spells              Type           Power      Damage    Failure   Level
a - Magic Dart            Conj           72%        1d6       3%          1
b - Mephitic Cloud        Conj/Pois/Air  13%        N/A       19%         3
c - Conjure Flame         Conj/Fire      11%        6-21      22%         3
d - Blink                 Tloc           N/A        N/A       17%         2

Your spell library contained the following spells:

 Spells                   Type           Power      Damage    Failure   Level
 Apportation              Tloc           16%        N/A       11%         1
 Summon Small Mammal      Summ           32%        N/A       11%         1
 Animate Skeleton         Necr           8%         N/A       17%         1
 Corona                   Hex            4%         N/A       17%         1
 Call Imp                 Summ           8%         N/A       17%         2
 Slow                     Hex            4%         N/A       26%         2
 Call Canine Familiar     Summ           8%         N/A       32%         3
 Portal Projectile        Hex/Tloc       12%        N/A       38%         3
 Leda's Liquefaction      Hex/Erth       2%         N/A       86%         4


Dungeon Overview and Level Annotations

Branches:
Dungeon (5/15)             Temple (1/1) D:4

Altars:
Ashenzari
Cheibriados
Dithmenos
Elyvilon
Fedhas
Kikubaaqudgha
Nemelex Xobeh
Okawaru
Qazlal
Ru
Sif Muna
Trog
Uskayaw
Vehumet
Wu Jian
Xom
Yredelemnul
Zin
The Shining One

Shops:
D:4 [

Annotations:
D:5 Grinder


Innate Abilities, Weirdness & Mutations

Your serpentine skin is tough. (AC +2)
You have supernaturally acute eyesight. (SInv)
Armour fits poorly on your strangely shaped body.
Your system is resistant to poisons. (rPois)
You cover ground very slowly.
You can spit poison.
You have a snake-like lower body.


Message History

The magic dart hits Grinder.
Grinder is severely wounded.
Grinder hits you!
You writhe in agony.
Casting: Magic Dart (safe; 3% risk of failure)
Confirm with . or Enter, or press ? or * to list all spells.
Aiming: Magic Dart (safe; 3% risk of failure)
Press: ? - help, Shift-Dir - straight line, f/p - Grinder
Aim: Grinder (severely wounded, 100% to hit)
The magic dart hits Grinder.
Grinder is severely wounded.
Grinder blinks!
Casting: Magic Dart (safe; 3% risk of failure)
Confirm with . or Enter, or press ? or * to list all spells.
Aiming: Magic Dart (safe; 3% risk of failure)
Press: ? - help, Shift-Dir - straight line, f/p - Grinder
Aim: Grinder (severely wounded, 100% to hit)
The magic dart hits Grinder.
Grinder is severely wounded.
Grinder says, "FISH!"
Grinder gestures at you.
You suddenly lose the ability to move!
Grinder gestures at you. You resist with significant effort.
Grinder says, "There's only one good use for a tongue: cutting it out."
Grinder gestures at you.
You shrug off the repeated paralysis!
You can move again.
Okay, then.
You feel yourself speed up. Grinder hits you!
* * * LOW HITPOINT WARNING * * *
You writhe in agony.
* * * LOW HITPOINT WARNING * * *
Grinder barely misses you. Grinder gestures at you.
You suddenly lose the ability to move!
Grinder completely misses you. Grinder hits you!
* * * LOW HITPOINT WARNING * * *
Grinder hits you.
You die...

#####......####.....'.....#)#.#
#####...........######.#)#.
######......# #.#.#.# #......#
###.#.. # ######......# #.###
.. #..(........# ####'##
...#####..........## #.....#
.............5##### #.....#
#.......##'#@### #.....#
#.......##.#...# #.....##
#.......##.#.#.# #.....##
.........##.###.# #......#
≈≈≈≈≈..####.....# #......#
....≈.. ####### ######.#
≈≈≈.≈.. #.# ..≈.≈.. #.# _.≈.≈..
#.#


You could see Grinder.

Vanquished Creatures
  A sky beast (D:3)
  A phantom (D:4)
  3 scorpions
  A water moccasin zombie (D:5)
  3 jellies
  An orc priest (D:4)
  Crazy Yiuf (D:2)
  A hound (D:5)
  2 orc wizards
  An iguana (D:3)
  Natasha (twice) (D:2)
  2 hound skeletons (D:4)
  6 gnolls
  9 adders
  An adder skeleton (D:4)
  2 dart slugs
  5 orcs
  4 bats
  3 endoplasms
  5 giant cockroaches
  3 goblins
  8 hobgoblins
  17 jackals
  7 kobolds
  4 quokkas
  5 ball pythons
  3 frilled lizards
  5 rats
106 creatures vanquished.

Vanquished Creatures (others)
  An iguana (D:4)
  10 plants (D:3)
11 creatures vanquished.

Grand Total: 117 creatures vanquished

Notes
Turn   | Place    | Note
-------+----------+-------------------------------------------
     0 | D:1      | zazu2006 the Naga Hedge Wizard began the quest for the Orb.
     0 | D:1      | Reached XP level 1. HP: 15/15 MP: 4/4
    94 | D:1      | Reached XP level 2. HP: 12/22 MP: 3/6
   741 | D:1      | Reached XP level 3. HP: 24/28 MP: 0/8
   745 | D:1      | Learned a level 3 spell: Mephitic Cloud
   749 | D:1      | Learned a level 3 spell: Conjure Flame
   752 | D:1      | Learned a level 2 spell: Blink
  2108 | D:2      | Noticed Natasha
  2116 | D:2      | Killed Natasha
  2117 | D:2      | Reached XP level 4. HP: 36/36 MP: 6/10
  2262 | D:2      | Found a runed translucent door.
  2263 | D:2      | Noticed Crazy Yiuf
  2573 | D:2      | Noticed Natasha
  2584 | D:2      | Killed Natasha
  3007 | D:2      | Killed Crazy Yiuf
  3008 | D:2      | Reached XP level 5. HP: 26/42 MP: 5/11
  3604 | D:3      | HP: 1/42 [hobgoblin (4)]
  3632 | D:3      | Noticed a sky beast
  3987 | D:3      | Reached XP level 6. HP: 40/50 MP: 5/13
  4409 | D:3      | Found a faded altar of an unknown god.
  4643 | D:4      | Found Geuham's Armour Boutique.
  4677 | D:4      | Reached skill level 1 in Fighting
  4677 | D:4      | Reached skill level 5 in Spellcasting
  5329 | D:3      | Killed a sky beast
  5330 | D:3      | Reached skill level 1 in Armour
  5330 | D:3      | Reached XP level 7. HP: 51/57 MP: 8/14
  5611 | D:3      | Reached skill level 1 in Poison Magic
  5864 | D:4      | Reached skill level 5 in Stealth
  6118 | D:4      | Found a staircase to the Ecumenical Temple.
  6132 | D:4      | Found a bloodstained altar of Trog.
  6390 | D:5      | Entered Level 5 of the Dungeon
  6404 | D:5      | Reached skill level 1 in Shields
  6409 | D:5      | Identified the +4 war axe of Eternal Harmony {drain, Drain
                  | rPois Int+8}
  6611 | D:5      | Found a glowing silver altar of Zin.
  6627 | D:5      | Reached skill level 1 in Air Magic
  6640 | D:5      | Reached XP level 8. HP: 39/64 MP: 0/16
  6873 | Temple   | Entered the Ecumenical Temple
  7094 | Temple   | Became a worshipper of Vehumet
  7403 | D:5      | Found an iron altar of Okawaru.
  7403 | D:5      | Noticed Grinder
  7475 | D:5      | Paralysed by Grinder for 7 turns
  7484 | D:5      | Paralysed by Grinder for 7 turns
  7486 | D:5      | HP: 3/66 [Grinder (7)]
  7487 | D:5      | Slain by Grinder

Illustrated notes

Levels and vault maps discovered:
D:1:      dpeg_arrival_shrine, layout_loops_ring, minmay_misc_feat_rugged
D:2:      layout_basic, uniq_natasha, uniq_crazy_yiuf_cottage
D:3:      layout_basic, chequers_ecumenical_altar_lobes
D:4:      layout_rooms, kennysheep_mini_moat, minmay_temple_entry_butterflies,
          serial_shops, nicolae_stop_n_shop_2
D:5:      layout_basic, mainiacjoe_overflow_alcove_1,
          mainiacjoe_overflow_concentric_impassable, uniq_grinder
Temple:   regret_index_temple_sphere_string

Skill      XL: |  1  2  3  4  5  6  7  8 |
---------------+-------------------------+-----
Spellcasting   | 4 5 |  5.8
Dodging        | 2 |  2.6
Conjurations   | 2 3 4 |  4.0
Stealth        | 4 5 |  5.3
Fighting       | 1 |  1.6
Armour         | 1 2 |  2.1
Poison Magic   | 1 |  1.9
Shields        | 1 |  1.1
Air Magic      | 1 |  1.2
Summonings     | |  1.0
Translocations | |  1.0

Action                   |  1- 3 |  4- 6 |  7- 9 || total
-------------------------+-------+-------+-------++-------
Melee: Dagger            |    14 |    48 |    50 ||   112
 Cast: Magic Dart        |    82 |   126 |   120 ||   328
       Mephitic Cloud    |       |     8 |     6 ||    14
 Abil: Spit Poison       |    16 |    19 |    12 ||    47
  Use: Potion            |       |     5 |     3 ||     8
 Stab: Confused          |       |     4 |     4 ||     8
       Sleeping          |       |     1 |     1 ||     2
Armor: Robe              |     7 |     4 |       ||    11
       Leather armour    |       |    50 |    31 ||    81
Dodge: Dodged            |    22 |    60 |    51 ||   133
Block: Other             |       |    31 |    19 ||    50

Table legend: (Time is in decaauts)
 A = Elapsed time spent in this place.
 B = Non-inter-level travel time spent in this place.
 C = Inter-level travel time spent in this place.
 D = Time resting spent in this place.
 E = Time spent auto-exploring this place.
 F = Levels seen in this place.
 G = Mean time per level.
                   A        B        C        D        E       F      G
               +--------+--------+--------+--------+--------+-----+--------+
         Total |   8806 |   8583 |    223 |   1160 |   6022 |   6 | 1467.7 |
       Dungeon |   8499 |   8329 |    170 |   1160 |   5771 |   5 | 1699.8 |
        Temple |    306 |    254 |     52 |      0 |    251 |   1 |  306.0 |
               +--------+--------+--------+--------+--------+-----+--------+

Top non-repeatable levels by time:
     D:2: 2153 daAuts
     D:3: 1989 daAuts
     D:1: 1904 daAuts
     D:4: 1503 daAuts
     D:5: 949 daAuts
  Temple: 306 daAuts
